 Dungeon Crawl Stone Soup version 0.21.0 (console) character file.

1651597 stickyfingers the Markscentaur (level 27, 235/246 HPs)
             Began as a Centaur Hunter on Jan 6, 2018.
             Was a Follower of Uskayaw.
             Escaped with the Orb
             ... and 3 runes on Jan 7, 2018!
             The game lasted 05:23:54 (72951 turns).

stickyfingers the Markscentaur (Centaur Hunter)    Turns: 72951, Time: 05:23:55

Health: 235/246    AC: 45    Str: 22    XL:     27
Magic:  34/34      EV: 22    Int: 15    God:    Uskayaw [*.....]
Gold:   2384       SH:  0    Dex:  9    Spells: 14/34 levels left

rFire    + + +     SeeInvis .   a - +9 longbow (flame)
rCold    x . .     Gourm    .   (shield currently unavailable)
rNeg     . . .     Faith    +   t - +8 fire dragon scales of Activism {rF++ rC- MR+ Int+3 Dex-5}
rPois    +         Spirit   .   k - +2 helmet
rElec    .         Reflect  .   g - +2 cloak {+Inv}
rCorr    .         Harm     .   j - +1 pair of gloves {archery}
MR       +++..                  L - +5 centaur barding of Waiff {Regen+}
Stlth    ..........             s - amulet "Rucwul" {Faith rF+ Int+4}
HPRegen  0.91/turn              h - +3 ring of slaying
MPRegen  0.24/turn              E - ring of Phasing {EV+8, =R}

@: very quick
A: large, hooves 3, clumsy 1, deformed body, dopey 1, speed 2, poison
resistance, tough skin 3
0: Orb of Zot
}: 3/15 runes: barnacled, slimy, gossamer
a: Stomp, Renounce Religion, Evoke Invisibility


You escaped.
You worshipped Uskayaw.
Uskayaw was pleased with you.
You were not hungry.

You visited 11 branches of the dungeon, and saw 54 of its levels.
You also visited: Ice Cave, Volcano and Wizlab.

You collected 6626 gold pieces.
You spent 4242 gold pieces at shops.

Inventory:

Hand Weapons
 a - a +9 longbow of flaming (weapon)
   (You acquired it on level 11 of the Dungeon)
 d - the +7 longbow "Piercer" {penet, EV-2}
   (You found it on level 5 of the Pits of Slime)

   Ammo fired by it will pass through the targets it hits, potentially hitting
   all targets in its path until it reaches maximum range.
   It affects your evasion (-2).
 o - a +0 blowgun
   (You took it off a kobold on level 9 of the Dungeon)
Missiles
 l - 8 curare-tipped needles
 C - 19 stones
 F - 10 throwing nets
 J - 527 arrows (quivered)
Armour
 g - a +2 cloak of invisibility (worn)
   (You took it off a draconian stormcaller on level 2 of the Realm of Zot)
 j - a +1 pair of gloves of archery (worn)
   (You bought it in a shop on level 1 of the Vaults)
 k - a +2 helmet (worn)
   (You took it off Robin on level 3 of the Dungeon)
 t - the +8 fire dragon scales of Activism (worn) {rF++ rC- MR+ Int+3 Dex-5}
   (You found it on level 5 of the Pits of Slime)

   It affects your intelligence (+3).
   It affects your dexterity (-5).
   It greatly protects you from fire.
   It makes you vulnerable to cold.
   It affects your resistance to hostile enchantments.
 L - the +5 centaur barding of Waiff (worn) {Regen+}
   (You acquired it on level 2 of the Spider Nest)

   It increases your rate of regeneration.
Magical Staves
 z - an uncursed staff of wizardry {!a}
   (You found it on level 3 of the Elven Halls)
Jewellery
 b - the ring of Odask {+Inv rElec MR+ Int+2}
   (You bought it in a shop on level 2 of the Orcish Mines)

   [ring of protection from magic]

   It affects your intelligence (+2).
   It insulates you from electricity.
   It affects your resistance to hostile enchantments.
   It lets you turn invisible.
 h - a +3 ring of slaying (left hand)
   (You acquired it on level 11 of the Dungeon)
 r - the ring "Lukliulo" {rCorr rC+ MR- Str+2}
   (You took it off a spriggan air mage on level 1 of the Depths)

   [ring of resist corrosion]

   It affects your strength (+2).
   It protects you from cold.
   It affects your resistance to hostile enchantments.
 s - the amulet "Rucwul" (around neck) {Faith rF+ Int+4}
   (You bought it in a shop on level 2 of the Orcish Mines)

   [amulet of faith]

   It allows you to gain divine favour quickly.
   It affects your intelligence (+4).
   It protects you from fire.
 E - the ring of Phasing (right hand) {EV+8, =R}
   (You took it off a vampire knight on level 1 of the Depths)

   [ring of evasion]

   It affects your evasion (+8).
 T - the ring of Havefic {Ice rN+++ MR+ Str+2 Dex-3}
   (You took it off a fire giant on level 4 of the Depths)

   [ring of ice]

   It enhances your ice magic.
   It affects your strength (+2).
   It affects your dexterity (-3).
   It makes you vulnerable to fire.
   It protects you from cold.
   It renders you almost immune to negative energy.
   It affects your resistance to hostile enchantments.
Wands
 c - a wand of paralysis (23)
   (You found it on level 1 of the Elven Halls)
 p - a wand of clouds (8)
   (You found it on level 1 of the Elven Halls)
 M - a wand of acid (40)
   (You took it off Urug on level 10 of the Dungeon)
 R - a wand of iceblast (38)
   (You found it on level 1 of the Vaults)
 V - a wand of digging (50)
   (You found it on level 10 of the Dungeon)
Scrolls
 e - a scroll of summoning
 w - 3 scrolls of silence
 x - 7 scrolls of identify
 y - 23 scrolls of teleportation
 D - 11 scrolls of remove curse
 N - 3 scrolls of blinking
 O - 2 scrolls of fear
 Q - 11 scrolls of fog
Potions
 i - 9 potions of mutation
 m - 26 potions of curing
 n - 14 potions of flight
 q - 3 potions of cancellation
 A - 10 potions of ambrosia
 G - 9 potions of brilliance
 H - 5 potions of lignification
 I - 5 potions of resistance
 K - 16 potions of heal wounds
 S - 5 potions of haste
 U - 7 potions of invisibility
 X - 2 potions of agility
 Y - 5 potions of magic
Miscellaneous
 u - a phial of floods
   (You found it on level 1 of the Elven Halls)
 v - 3 boxes of beasts
 B - 2 phantom mirrors
 P - a lamp of fire
   (You found it on level 3 of the Elven Halls)
 W - 5 sacks of spiders
 Z - a fan of gales
   (You found it on level 2 of the Spider Nest)
Comestibles
 f - 103 rations


   Skills:
 - Level 20.0 Fighting
 - Level 20.5 Bows
 - Level 19.4 Armour
 + Level 19.9 Dodging
 - Level 0.4 Stealth
 - Level 4.0 Spellcasting
 - Level 6.0 Charms
 - Level 4.0 Summonings
 - Level 6.0 Necromancy
 - Level 6.0 Translocations
 - Level 4.0 Air Magic
 - Level 15.0 Invocations
 - Level 10.0 Evocations


You had 14 spell levels left.
You knew the following spells:

 Your Spells              Type           Power        Failure   Level  Hunger
a - Apportation           Tloc           ###...       3%          1    None
g - Shroud of Golubria    Chrm/Tloc      ###.......   4%          2    ##.....
r - Regeneration          Chrm/Necr      ###.......   9%          3    ###....
y - Passage of Golubria   Tloc           N/A          30%         4    ####...
A - Animate Skeleton      Necr           N/A          3%          1    None
B - Blink                 Tloc           N/A          4%          2    ##.....
F - Summon Butterflies    Summ           ###.....     7%          1    None
N - Song of Slaying       Chrm           ###.....     4%          2    ##.....
R - Corpse Rot            Necr           N/A          4%          2    ##.....
S - Swiftness             Chrm/Air       ###.....     7%          2    ##.....


Dungeon Overview and Level Annotations

Branches:
Dungeon (15/15)            Temple (1/1) D:5            Lair (6/6) D:11
 Shoals (4/4) Lair:2       Spider (4/4) Lair:4        Slime (5/5) Lair:5
    Orc (2/2) D:9             Elf (3/3) Orc:2        Vaults (4/5) D:13
  Crypt (0/3) Vaults:2     Depths (5/5) D:15            Zot (5/5) Depths:5

Altars:
Ashenzari
Cheibriados
Dithmenos
Elyvilon
Fedhas
Gozag
Hepliaklqana
Kikubaaqudgha
Makhleb
Nemelex Xobeh
Okawaru
Qazlal
Ru
Sif Muna
Trog
Uskayaw
Vehumet
Wu Jian
Xom
Zin
The Shining One
Beogh
Jiyva

Shops:
D:6 (   D:8 %   Orc:1 =   Orc:2 =(=*   Vaults:1 [[   Vaults:3 [   Depths:2 [
Depths:4 %!

Portals:
Hell: Depths:1 Depths:2 Depths:3 Depths:4 Depths:5
Abyss: Depths:1 Depths:3 Depths:4
Pandemonium: Depths:3 Depths:5
Ziggurat: Depths:5


Innate Abilities, Weirdness & Mutations

You have hooves in place of feet.
Armour fits poorly on your strangely shaped body.
You cover ground very quickly.
You have extremely tough skin. (AC +3)
You are clumsy. (Dex -2)
You are dopey. (Int -2)
Your system is resistant to poisons. (rPois)


Message History

No target in view!
No target in view!
(D) Dungeon (T) Temple (L) Lair (A) Shoals (N) Spider Nest (M) Slime Pits (O) Orcish Mines (E) Elven Halls (V) Vaults (C) Crypt (U) Depths (H) Hell (Z) Zot
Where to? (* - list waypoints, Enter - D:1 @ (x,y), ? - help)
J - 529 arrows (gained 1)
There is a stone staircase leading up, spattered with blood here.
You climb upwards.
You are near starving!
There is a stone staircase leading down here.
You eat one of the 104 rations.
That ration really hit the spot!
(D) Dungeon (T) Temple (L) Lair (A) Shoals (N) Spider Nest (M) Slime Pits (O) Orcish Mines (E) Elven Halls (V) Vaults (C) Crypt (U) Depths (H) Hell (Z) Zot
Where to? (* - list waypoints, Enter - D:1 @ (x,y), ? - help)
There is a stone staircase leading up here.
You climb upwards.
There is a stone staircase leading down here.
There is a stone staircase leading up here.
You climb upwards.
There is a stone staircase leading down here.
There is a stone staircase leading up here.
You climb upwards.
There is a stone staircase leading down here.
There is a stone staircase leading up here.
You climb upwards.
There is a stone staircase leading down here.
There is a stone staircase leading up here.
You climb upwards.
There is a stone staircase leading down here.
There is a stone staircase leading up here.
You climb upwards.
There is a stone staircase leading down here.
There is a stone staircase leading up here.
You climb upwards.
There is a stone staircase leading down here.
There is a stone staircase leading up here.
You climb upwards.
There is a stone staircase leading down here.
A pandemonium lord and a lich come into view.
The lich shouts!
There is a stone staircase leading up here.
You climb upwards.
There is a stone staircase leading down here.
You see here a dagger.
Evoke which item? (* to show all) (? for menu, Esc to quit)
Aiming: Dig
Press: ? - help, Shift-Dir - straight line The rock shatters into small pieces.
Unknown command.
(D) Dungeon (T) Temple (L) Lair (A) Shoals (N) Spider Nest (M) Slime Pits (O) Orcish Mines (E) Elven Halls (V) Vaults (C) Crypt (U) Depths (H) Hell (Z) Zot
Where to? (* - list waypoints, Enter - D:1 @ (x,y), ? - help)
There is a stone staircase leading up here.
You climb upwards.
There is a stone staircase leading down here.
There is an open door here.
A neqoxec comes into view.
The neqoxec shouts!
Firing (i - inventory. (,) - cycle):
J - 529 arrows (quivered)
Press: ? - help, Shift-Dir - straight line, f - neqoxec
Aim: a neqoxec You shoot an arrow.
The arrow hits the neqoxec!
The arrow burns the neqoxec.
The neqoxec is moderately wounded.
Firing (i - inventory. (,) - cycle):
J - 528 arrows (quivered)
Press: ? - help, Shift-Dir - straight line, f/p - neqoxec
Aim: a neqoxec (moderately wounded)
You shoot an arrow. The arrow hits the neqoxec!!
The arrow burns the neqoxec!
You kill the neqoxec!
A rakshasa comes into view. It is wielding a long sword.
All monsters which could be auto-targeted are covered by a wall or statue which interrupts your line of fire, even though it doesn't interrupt your line of sight.
Firing (i - inventory. (,) - cycle):
J - 527 arrows (quivered)
Press: ? - help, Shift-Dir - straight line, f - you Your line of fire to the rakshasa is blocked by a granite statue.
Continue anyway? [Y]es or [N]o only, please.
Your line of fire to the rakshasa is blocked by a granite statue.
Continue anyway? [Y]es or [N]o only, please.
Your line of fire to the rakshasa is blocked by a granite statue.
Continue anyway?
Okay, then.
A goblin comes into view.
The rakshasa gestures at you. The orb of energy hits you!
There is a staircase leading out of the dungeon here.
Wear which item? (? for menu, Esc to quit)
Okay, then.
Put on which piece of jewellery? (? for menu, Esc to quit)
Okay, then.
Unknown command.
Unknown command.
Unknown command.
You are a level 27 Centaur Hunter.
I'm sorry, level 27 is as high as you can go.
With the way you've been playing, I'm surprised you got this far.
Play time: 05:23:49 (72950 turns)
You have escaped!

# ####...........#### #. #
###...#####+#####...### #. #
##..#####≈≈≈≈§§§#####..## #. #
##.### #≈≈≈..§..§≈≈# ###.## #. #
#!## #........§..# ##.# #. # #.#
######g###### #.# #. ####.#####
###8#8)8### #####.###.
..#.##...###....R....###.§≈##.##.
###.#....##...........##..≈≈#.##.
#.#....#............##...≈#.###
#.'...........@.(...8'...≈+.#
#.#....#............'#...≈#.#
#.#....##...[.......##..≈≈#.#
#.##...###.........###..≈##.#
##.##### ####8'8#### ######.# #.#
######'###### #.## #.##
#...........# ##.# ####.###
#≈≈≈.....≈≈≈# ###.#####
##.###..#####≈≈≈≈§≈§#####..####.#
....####...#####+#####...#####.#.
##..#.#####...........#### ##.###


You could see a rakshasa and a goblin.

Vanquished Creatures
  3 orbs of fire (Zot:5)
  Mennas (Vaults:3)
  An ancient lich (Zot:5)
  Sojobo (Depths:3)
  3 juggernauts (Depths:4)
  Saint Roka (Depths:4)
  Xtahua (Vaults:2)
  4 Killer Klowns (Zot:5)
  A curse toe (Zot:2)
  7 golden dragons (Depths:5 Zot:4 Zot:3 Zot:1 Zot:2)
  2 caustic shrikes (Depths:4)
  Jory (Vaults:4)
  Jorgrun (Spider:2)
  2 electric golems (WizLab Zot:5)
  9 tentacled monstrosities (Depths:4 Zot:4 Zot:1 Zot:2)
  9 liches (Vaults:2 Depths:1 Depths:3 Depths:4)
  Asterion (Depths:2)
  20 Orb Guardians (Zot:5)
  A titan (Shoals:1)
  2 quicksilver dragons (Depths:2 Zot:5)
  The ghost of Nr616 the Fencer, an adept MiBe of Trog (Shoals:4)
  2 deep elf master archers (Elf:3)
  17 acid blobs (Slime:1 Slime:2 Slime:3 Slime:4 Slime:5)
  2 deep elf blademasters (Elf:3)
  3 sphinxes (Depths:1 Depths:2 Depths:4)
  An ancient champion (Depths:4)
  8 death cobs (Zot:3 Zot:2 Zot:1)
  6 shadow dragons (Depths:3 Depths:4 Depths:5 Zot:2 Zot:1)
  5 azure jellies (Slime:3 Slime:4 Slime:5)
  Kirke (Shoals:1)
  Roxanne (Spider:2)
  3 draconian monks (Zot:3 Zot:2)
  11 tengu reavers (Vaults:3 Depths:1 Depths:2 Depths:3 Depths:4)
  7 storm dragons (Depths:5 Zot:3 Zot:2 Zot:5)
  Ilsuiw (Shoals:4)
  2 draconian knights (Depths:5 Zot:5)
  8 frost giants (IceCv Shoals:4 Depths:1 Depths:2 Depths:3)
  6 vault wardens (Vaults:1 Vaults:2 Vaults:3)
  8 fire giants (D:15 Depths:1 Depths:2 Depths:3 Depths:4)
  2 orc warlords (Vaults:4 Depths:4)
  6 deep elf sorcerers (Elf:1 Elf:2 Elf:3 Vaults:3)
  A balrug (Depths:3)
  8 ghost moths (Spider:1 Spider:3 Spider:4 Zot:4 Zot:3)
  An iron dragon (Depths:2)
  Louise (Shoals:1)
  2 draconian shifters (Depths:5 Zot:5)
  5 draconian scorchers (Zot:3 Zot:2 Zot:5)
  5 deep elf elementalists (Elf:2 Elf:3)
  10 emperor scorpions (Lair:4 Spider:1 Spider:2 Spider:3 Spider:4)
  A cacodemon (Depths:5)
  2 draconian annihilators (Zot:2)
  12 ironheart preservers (Vaults:1 Vaults:3 Vaults:4)
  A ghoul (Vaults:3)
  A spriggan defender (Depths:4)
  3 war gargoyles (WizLab)
  17 very ugly things (Depths:1 Depths:2 Depths:4)
  2 draconian stormcallers (Zot:2 Zot:5)
  15 stone giants (Vaults:2 Vaults:3 Vaults:4 Depths:1 Depths:3)
  A vampire knight (Depths:1)
  Azrael (D:12)
  4 green draconians (Depths:5 Zot:1 Zot:2)
  7 deep elf demonologists (Elf:3)
  6 deep elf annihilators (Elf:3 Depths:4)
  A black draconian (Zot:2)
  10 entropy weavers (Spider:2 Spider:3 Spider:4 Vaults:2 Vaults:3)
  3 yellow draconians (Zot:2)
  14 purple draconians (Depths:5 Zot:4 Zot:2 Zot:5)
  8 white draconians (Depths:5 Zot:1 Zot:2 Zot:5)
  12 spark wasps (Spider:2 Depths:1 Depths:2 Depths:3 Depths:4)
  8 red draconians (Depths:5 Zot:4 Zot:1 Zot:2 Zot:5)
  6 deep elf death magi (Elf:3 Vaults:3)
  7 ettins (Depths:1 Depths:2 Depths:3 Depths:4 Depths:5)
  8 merfolk javelineers (Shoals:2 Shoals:3 Shoals:4 Depths:1)
  3 death oozes (Slime:4 Slime:5)
  3 deep elf high priests (Elf:3 Depths:2 Depths:5)
  9 fire dragons (Vaults:3 Depths:1 Depths:3 Depths:5)
  5 merfolk impalers (Shoals:4)
  A minotaur (Shoals:2)
  3 crystal guardians (WizLab)
  3 jiangshi (Depths:4)
  11 great orbs of eyes (Vaults:1 Vaults:3 Depths:1 Depths:4 Depths:5)
  Fannar (Lair:2)
  12 yaktaur captains (Vaults:2 Vaults:3 Vaults:4 Depths:1 Depths:3)
  Harold (Lair:3)
  6 rakshasas (Vaults:3 Depths:1 Depths:4)
  7 hydras (Lair:3 Lair:4 Lair:5 Lair:6 D:14)
  A hell beast (Depths:4)
  17 ice dragons (Vaults:1 Vaults:2 Vaults:4 Depths:1 Depths:2)
  3 death knights (Vaults:1 Vaults:3)
  7 vault guards (Vaults:3 Depths:4)
  6 merfolk avatars (Shoals:2 Shoals:3 Shoals:4)
  2 spriggan air magi (Depths:1)
  2 catoblepae (Lair:6 Shoals:1)
  Erica (Orc:1)
  71 two-headed ogres (D:9 D:10 D:12 Orc:2 D:14)
  12 deep troll shamans (Vaults:1 Depths:2 Depths:3 Depths:4 Depths:5)
  An alligator snapping turtle (Shoals:4)
  9 centaur warriors (D:13 D:14 D:15 Vaults:3 Depths:1)
  25 ogre magi (Orc:2 D:15 Vaults:1 Vaults:2 Vaults:3)
  22 dancing weapons (Elf:1 Elf:2 Elf:3)
  3 satyrs (Shoals:2 Shoals:4)
  2 merfolk aquamancers (Shoals:4)
  4 tengu warriors (D:14 Depths:1 Depths:5)
  4 vampire magi (Depths:1 Depths:4)
  2 death yaks (Lair:6)
  Urug (D:10)
  A shock serpent (shapeshifter) (Depths:1)
  11 deep troll earth magi (Depths:1 Depths:3 Depths:4 Depths:5)
  A large abomination (Vaults:3)
  11 hell knights (Depths:1 Depths:3 Depths:4)
  4 spriggan berserkers (Depths:1 Depths:3 Depths:5)
  2 orc high priests (Orc:1 Depths:4)
  2 sun demons (Depths:3)
  Nergalle (Orc:2)
  25 deep elf knights (Elf:1 Elf:2 Elf:3 Vaults:1 Vaults:3)
  2 fire crabs (shapeshifter) (Vaults:4 Depths:4)
  6 skeletal warriors (Vaults:1 Vaults:3)
  2 fire crabs (Volcano Lair:6)
  A spark wasp zombie (Depths:3)
  An iron troll (Depths:3)
  2 sixfirhies (Depths:5)
  A storm dragon skeleton (Depths:3)
  16 deep trolls (Vaults:1 Depths:1 Depths:3 Depths:5)
  An unseen horror (shapeshifter) (Elf:2)
  2 unseen horrors (D:10 D:15)
  A swamp dragon (shapeshifter) (D:13)
  15 sea snakes (Shoals:1 Shoals:3 Shoals:4)
  10 glowing orange brains (Depths:1 Depths:2 Depths:3 Depths:4 Slime:5)
  12 wizards (Elf:1 Vaults:1 Vaults:2 Vaults:3 Depths:3)
  A lindwurm (Volcano)
  A swamp dragon (Vaults:1)
  4 flayed ghosts (Vaults:1 Depths:2 Depths:3)
  21 deep elf archers (Elf:1 Elf:2 Elf:3 Vaults:1 Vaults:3)
  2 phantasmal warriors (Depths:1)
  24 harpies (Shoals:2 Shoals:1 Shoals:3 Shoals:4)
  The ghost of HungrySpirit the Cleaver, a novice MiGl (D:6)
  16 orc knights (Orc:1 D:9 D:15 Vaults:1 Vaults:2)
  An orange crystal statue (Elf:1)
  20 orb spiders (Spider:1 Spider:2 Spider:3 Spider:4)
  7 ironbrand convokers (Vaults:1 Vaults:3 Vaults:4)
  7 necromancers (Vaults:4 Depths:2 Depths:3 Depths:4)
  A lindwurm (shapeshifter) (Vaults:2)
  8 orc sorcerers (D:9 Orc:1 Orc:2 Elf:3 Depths:4)
  A golden dragon skeleton (Depths:3)
  65 deep elf magi (D:13 Elf:1 Elf:2 Elf:3 Vaults:1)
  4 oklob plants (Spider:3 Lair:5)
  48 ugly things (D:11 D:13 D:15 Vaults:1 Vaults:3)
  An orb spider (shapeshifter) (Vaults:2)
  38 wolf spiders (Spider:1 Spider:2 Spider:3 Spider:4 Vaults:1)
  7 cyclopes (D:12 Shoals:1 Shoals:3 Shoals:4 Vaults:1)
  A salamander (shapeshifter) (Vaults:2)
  12 fauns (Shoals:1 Shoals:2 Shoals:4)
  13 moths of wrath (Spider:4 Zot:4 Zot:3 Zot:1 Zot:2)
  6 shining eyes (Slime:1 Slime:3 Slime:4 Slime:5)
  19 manticores (D:14 Shoals:1 Shoals:2 Shoals:3 Shoals:4)
  3 centaur zombies (D:12 D:14)
  Maurice (D:8)
  6 black mambas (Lair:2 Lair:3 Lair:6)
  16 vault sentinels (Vaults:1 Vaults:2 Vaults:3 Vaults:4)
  8 merfolk sirens (Shoals:1 Shoals:2 Shoals:3 Shoals:4)
  2 molten gargoyles (Lair:6)
  3 torpor snails (Spider:3 Spider:4)
  3 water nymphs (Shoals:2)
  2 eyes of devastation (Slime:1 Slime:2)
  7 gargoyles (WizLab)
  3 elephants (Shoals:2)
  4 centaur skeletons (D:10 D:14)
  10 spiny frogs (Lair:2 Lair:1 Lair:3 Lair:4 Lair:6)
  A spiny frog (shapeshifter) (Vaults:1)
  2 rime drakes (Lair:2 Lair:5)
  A kobold demonologist (Elf:1)
  4 komodo dragons (Lair:4 Lair:6)
  An efreet (D:14)
  30 yaktaurs (Vaults:1 Vaults:2 Vaults:3 Depths:1 Depths:4)
  18 demonic crawlers (Lair:4 Spider:1 Spider:2 Spider:3 Spider:4)
  A yaktaur (shapeshifter) (Depths:1)
  4 freezing wraiths (Vaults:1 Vaults:2 Vaults:3 Vaults:4)
  An ice devil (Depths:5)
  A queen bee (D:9)
  A spriggan skeleton (Depths:2)
  46 jumping spiders (Spider:1 Lair:4 Spider:2 Spider:3 Spider:4)
  26 merfolk (Shoals:1 Shoals:2 Shoals:3 Shoals:4)
  4 meliai (Shoals:2)
  3 wind drakes (Shoals:2 Shoals:3)
  6 tengu conjurers (D:14 Depths:1)
  2 trolls (shapeshifter) (Vaults:1 Depths:1)
  14 trolls (D:9 D:10 D:11 D:13 D:14)
  A jumping spider (shapeshifter) (Vaults:1)
  17 polar bears (Lair:2 IceCv Lair:4)
  Prince Ribbit (D:7)
  A blink frog (shapeshifter) (Depths:1)
  5 hornets (Spider:1 Spider:3 Spider:4 Vaults:1)
  An iron dragon simulacrum (Depths:3)
  6 dream sheep (Shoals:4)
  9 blink frogs (Lair:1 Lair:2 Lair:5)
  9 snapping turtles (Shoals:1 Shoals:2 Shoals:3 Shoals:4)
  92 slime creatures (D:14 D:15 Vaults:1 Vaults:3 Depths:1)
  7 hippogriffs (D:8 D:11 Lair:2 Lair:4 Lair:6)
  A meliai zombie (D:13)
  97 redbacks (Spider:1 Lair:4 Spider:2 Spider:3 Spider:4)
  A spriggan (D:7)
  Sigmund (D:4)
  A vampire (D:14)
  16 water elementals (D:14 Shoals:4 Elf:2 Elf:3 Depths:1)
  37 yaks (D:8 D:9 Lair:1 IceCv Lair:2)
  A basilisk (shapeshifter) (Vaults:1)
  3 air elementals (Elf:1 Elf:2 Elf:3)
  2 yaks (shapeshifter) (Depths:1 Depths:4)
  3 wraiths (D:13 Vaults:1 Vaults:3)
  4 wyverns (Lair:5 Lair:6)
  A tarantella (shapeshifter) (Vaults:1)
  27 tarantellas (Spider:1 Lair:4 Spider:2 Spider:3 Spider:4)
  Eustachio (D:4)
  4 golden eyes (Slime:5)
  11 fire elementals (D:12 Elf:1 Elf:2 Elf:3 Depths:3)
  A hog (shapeshifter) (Depths:2)
  Grum (D:8)
  11 fire bats (Lair:1 Volcano)
  5 steam dragons (D:8 Lair:3 Lair:6)
  2 hungry ghosts (D:7 D:9)
  A golden eye (shapeshifter) (Depths:2)
  4 hogs (Shoals:1)
  9 basilisks (Lair:1 D:13 Lair:6 D:15 Shoals:1)
  A neqoxec (D:1)
  9 vampire mosquitoes (D:14 D:15)
  Menkaure (D:7)
  Edmund (D:6)
  8 wargs (D:9 Orc:1 Orc:2 Vaults:2 Depths:4)
  A soldier ant (D:12)
  A soldier ant (shapeshifter) (Depths:5)
  3 acid dragons (D:13 D:14 Vaults:2)
  Duvessa (D:4)
  3 floating eyes (Depths:1 Depths:4)
  9 hell hounds (D:12 Lair:6)
  11 water moccasins (Lair:1 Lair:2 Lair:3 Lair:4 Lair:6)
  7 porcupines (Lair:1 Lair:2 Lair:3 Lair:5)
  A black bear (Lair:2)
  44 orc warriors (D:9 D:8 D:10 D:11 Orc:1)
  5 sky beasts (D:6 D:7 D:11 D:12 D:14)
  A swamp drake (D:9)
  15 eyes of draining (Slime:1 Slime:2 Slime:3 Slime:4 Slime:5)
  3 phantoms (D:5 D:8)
  2 ice beasts (D:5 D:7)
  13 boggarts (D:14 Elf:1 Vaults:2 Vaults:3 Depths:1)
  80 ogres (D:4 D:8 D:9 D:10 Orc:1)
  2 necrophages (D:5 D:9)
  23 wolves (D:9 D:8 D:11 IceCv Lair:2)
  19 centaurs (D:5 D:6 D:9 D:12 D:15)
  11 crocodiles (D:7 Lair:1 Lair:3 Lair:4 Lair:6)
  5 big kobolds (D:9 D:10 D:11 D:12)
  A wyvern zombie (D:14)
  22 bullfrogs (D:6 D:8 D:10 D:12 Lair:1)
  7 earth elementals (Elf:2 Elf:3 WizLab)
  3 glowing shapeshifter simulacra (Vaults:3 Depths:2)
  Dowan (D:4)
  4 scorpions (D:7 Lair:4 D:14)
  26 killer bees (D:9)
  10 wights (D:6 D:11)
  10 electric eels (D:11 D:14 Spider:4)
  4 howler monkeys (D:5 D:11)
  6 crimson imps (D:5 D:6 D:7 D:10)
  4 lava snakes (Lair:6)
  3 quasits (D:8 D:11 Depths:3)
  A bullfrog skeleton (D:5)
  29 orc priests (D:5 D:9 D:10 D:11 Orc:1)
  A gnoll shaman (D:5)
  7 hounds (D:4 D:9 D:10 D:11 D:13)
  Terence (D:2)
  7 iguanas (D:8 D:10 D:11 D:14)
  Natasha (thrice) (D:2)
  31 orc wizards (D:3 D:6 D:5 D:9 D:12)
  9 worker ants (D:4 D:5 D:7 D:8 D:10)
  2 hound skeletons (D:5 D:7)
  A howler monkey zombie (D:9)
  Robin (D:3)
  10 adders (D:3 D:2 D:4 D:5 D:6)
  11 gnolls (D:2 D:4 D:5 D:9)
  3 shadow imps (D:5 D:10 D:15)
  12 white imps (Lair:2)
  An ufetubus (D:12)
  An adder skeleton (D:5)
  6 worms (D:3 D:2 Lair:4)
  2 dart slugs (D:1 D:4)
  3 leopard geckos (D:1 D:4 D:5)
  129 orcs (D:3 D:4 D:6 D:5 D:8)
  3 ball pythons (D:1 D:2 D:3)
  6 giant cockroaches (D:2 D:4 D:5 Lair:4)
  14 goblins (D:1 D:2 D:3)
  11 hobgoblins (D:1 D:2 D:3)
  5 jackals (D:4 D:5)
  27 kobolds (D:1 D:2 D:3 D:9 D:10)
  9 quokkas (D:2 D:3 D:6 D:4 D:7)
  6 bats (D:1 D:2)
  9 frilled lizards (D:1 D:2 D:3 D:4)
  A giant cockroach zombie (D:5)
  A jackal skeleton (D:4)
  A quokka zombie (D:9)
  8 rats (D:1 D:2 D:3)
  A crawling corpse (Vaults:3)
  2 plants (Shoals:1 Depths:3)
  A withered plant (Shoals:1)
2459 creatures vanquished.

Vanquished Creatures (collateral kills)
  the Royal Jelly (Slime:5)
  2 stone giants (Shoals:1)
  A fire dragon (Lair:6)
  A vault guard (D:13)
  2 merfolk avatars (Shoals:2)
  A death yak (Lair:6)
  A harpy (Shoals:2)
  2 fauns (Shoals:2)
  An ice statue (IceCv)
  2 komodo dragons (Lair:5 Lair:6)
  2 merfolk (Shoals:1 Shoals:3)
  A troll (D:13)
  A wind drake (Shoals:1)
  A polar bear (IceCv)
  A hippogriff (Lair:4)
  A blink frog (Lair:2)
  7 yaks (IceCv Lair:2 Lair:6)
  A tarantella (shapeshifter) (D:14)
  2 basilisks (Lair:6)
  A water moccasin (Lair:5)
  A porcupine (Lair:4)
  2 wolves (D:11 IceCv)
  A wyvern skeleton (D:13)
  A lava snake (Lair:6)
  A fungus (Lair:4)
  A plant (Lair:6)
39 creatures vanquished.

Vanquished Creatures (others)
  A vampire mage (Depths:1)
  2 deep elf knights (Elf:1 Vaults:3)
  A tengu zombie (Depths:3)
  A faun (Shoals:2)
  A cyclops (Vaults:1)
  An orc warrior (D:9)
  An ogre (Vaults:2)
  A centaur (Depths:3)
  A hound (D:11)
  An orc wizard (Orc:1)
  2 orcs (Vaults:1 Depths:4)
  A kobold (D:9)
  8 fungi (Lair:2 Lair:6)
  56 plants (Lair:2 Shoals:3 Shoals:4 Depths:1 Depths:3)
78 creatures vanquished.

Grand Total: 2576 creatures vanquished

Notes
Turn   | Place    | Note
-------+----------+-------------------------------------------
     0 | D:1      | stickyfingers the Centaur Hunter began the quest for the Orb.
     0 | D:1      | Reached XP level 1. HP: 17/17 MP: 1/1
   352 | D:1      | Reached skill level 6 in Bows
   352 | D:1      | Reached XP level 2. HP: 24/24 MP: 2/2
   819 | D:1      | Found a sparkling altar of Nemelex Xobeh.
  1430 | D:2      | Reached XP level 3. HP: 29/29 MP: 3/3
  1470 | D:2      | Reached skill level 7 in Bows
  1643 | D:2      | Noticed Natasha
  1732 | D:3      | Reached XP level 4. HP: 26/36 MP: 4/4
  1925 | D:3      | Reached skill level 8 in Bows
  2334 | D:2      | Killed Natasha
  2334 | D:2      | Reached XP level 5. HP: 19/44 MP: 2/5
  2743 | D:2      | Reached skill level 3 in Fighting
  2840 | D:2      | Noticed Natasha
  2848 | D:2      | Killed Natasha
  3054 | D:2      | Noticed Natasha
  3061 | D:2      | Killed Natasha
  3100 | D:3      | Noticed Terence
  3106 | D:2      | Killed Terence
  3106 | D:2      | Reached skill level 4 in Fighting
  3261 | D:3      | Noticed Robin
  3275 | D:3      | Killed Robin
  3275 | D:3      | Reached XP level 6. HP: 53/53 MP: 6/6
  3520 | D:3      | Found a bloodstained altar of Trog.
  3770 | D:4      | Reached skill level 5 in Fighting
  3892 | D:4      | Noticed Eustachio
  3960 | D:4      | Killed Eustachio
  3960 | D:4      | Reached skill level 9 in Bows
  3960 | D:4      | Reached XP level 7. HP: 55/61 MP: 5/7
  4173 | D:4      | You fall through a shaft!
  4173 | D:5      | Entered Level 5 of the Dungeon
  4315 | D:6      | Reached skill level 10 in Bows
  4374 | D:6      | Found Puqodopo's Weapon Shop.
  4760 | D:4      | Noticed Duvessa
  4761 | D:4      | Noticed Dowan
  4799 | D:4      | Killed Duvessa
  4799 | D:4      | Reached skill level 11 in Bows
  4828 | D:4      | Killed Dowan
  4828 | D:4      | Reached XP level 8. HP: 58/68 MP: 6/8
  4962 | D:4      | Noticed Sigmund
  5304 | D:4      | Killed Sigmund
  5304 | D:4      | Reached skill level 12 in Bows
  5454 | D:5      | Reached skill level 13 in Bows
  5503 | D:5      | Found a shimmering altar of Xom.
  5509 | D:5      | Found an ornate altar of the Wu Jian Council.
  5877 | D:5      | Found a staircase to the Ecumenical Temple.
  5893 | Temple   | Entered the Ecumenical Temple
  5993 | Temple   | Became a worshipper of Uskayaw the Reveler
  6027 | D:5      | Reached * piety under Uskayaw
  6029 | D:5      | Reached ** piety under Uskayaw
  6181 | D:5      | Reached skill level 14 in Bows
  6188 | D:5      | Reached *** piety under Uskayaw
  6215 | D:5      | Reached XP level 9. HP: 41/74 MP: 5/9
  6378 | D:6      | Noticed Edmund
  6392 | D:6      | Killed Edmund
  6392 | D:6      | Reached skill level 1 in Armour
  6514 | D:6      | Reached skill level 6 in Fighting
  6583 | D:6      | Identified a book of Power
  6702 | D:6      | Noticed HungrySpirit's ghost (novice MiGl)
  6759 | D:6      | Killed HungrySpirit's ghost
  6759 | D:6      | Reached skill level 2 in Armour
  7022 | D:6      | Reached skill level 3 in Armour
  7183 | D:7      | Found a sacrificial altar of Ru.
  7191 | D:7      | Reached skill level 7 in Fighting
  7679 | D:7      | Reached skill level 4 in Armour
  7746 | D:7      | Found a sparkling altar of Nemelex Xobeh.
  7750 | D:7      | Noticed Prince Ribbit
  7759 | D:7      | Killed Prince Ribbit
  7759 | D:7      | Reached skill level 8 in Fighting
  7783 | D:7      | Noticed Menkaure
  7786 | D:7      | Killed Menkaure
  7872 | D:7      | Reached XP level 10. HP: 88/88 MP: 10/10
  8208 | D:8      | Found Sissu's Food Shop.
  8250 | D:8      | Got a crude trident
  8465 | D:8      | Noticed Maurice
  8577 | D:8      | Killed Maurice
  8754 | D:8      | Reached skill level 5 in Armour
  8977 | D:8      | Identified the +5 trident of Action {flame, +Fly Str+3 Int+4 Dex+5} (You found it on level 8 of the Dungeon)
  9351 | D:8      | Reached skill level 9 in Fighting
  9668 | D:9      | Reached **** piety under Uskayaw
  9676 | D:9      | Reached ***** piety under Uskayaw
  9696 | D:9      | Reached ****** piety under Uskayaw
  9711 | D:9      | Reached skill level 10 in Fighting
 10043 | D:9      | Found a bloodstained altar of Trog.
 10124 | D:9      | Noticed Grum
 10805 | D:8      | Killed Grum
 10805 | D:8      | Reached skill level 11 in Fighting
 11290 | D:9      | Reached XP level 11. HP: 64/102 MP: 11/11
 11516 | D:9      | Noticed a two-headed ogre
 11550 | D:9      | Killed a two-headed ogre
 11644 | D:9      | Found a staircase to the Orcish Mines.
 11680 | D:9      | Reached skill level 12 in Fighting
 12244 | D:10     | Entered Level 10 of the Dungeon
 12244 | D:10     | Found a white marble altar of Elyvilon.
 12244 | D:10     | Noticed a two-headed ogre
 12280 | D:10     | Noticed a two-headed ogre
 12310 | D:9      | Killed a two-headed ogre
 12892 | D:10     | Reached skill level 13 in Fighting
 12925 | D:10     | Killed an unseen horror
 13113 | D:10     | Killed a two-headed ogre
 13165 | D:10     | Noticed Urug
 13760 | D:11     | Identified a book of Necromancy
 13763 | D:11     | Learned a level 1 spell: Animate Skeleton
 13767 | D:11     | Learned a level 3 spell: Regeneration
 13952 | D:11     | Noticed a cyan ugly thing
 13993 | D:11     | Killed a cyan ugly thing
 14044 | D:11     | Identified a book of Party Tricks
 14048 | D:11     | Learned a level 1 spell: Apportation
 14050 | D:11     | Learned a level 1 spell: Summon Butterflies
 14145 | D:11     | Reached skill level 14 in Fighting
 14636 | D:11     | Got an encrusted mace {crush}
 14648 | D:11     | Found a staircase to the Lair.
 15354 | D:12     | Noticed a two-headed ogre
 15380 | D:12     | Killed a two-headed ogre
 15380 | D:12     | Reached XP level 12. HP: 118/118 MP: 12/12
 15415 | D:12     | Noticed Azrael
 16038 | D:12     | Reached skill level 15 in Fighting
 16055 | D:12     | HP: 34/119 [Azrael/scimitar of flaming (6)]
 16061 | D:12     | HP: 20/119 [Azrael/fireball (20)]
 16068 | D:12     | HP: 5/119 [Azrael/damnation (38)]
 17182 | D:10     | Killed Urug
 17372 | Lair:1   | Entered Level 1 of the Lair of Beasts
 17760 | Lair:1   | Found a dark tunnel.
 17794 | Volcano  | Entered a volcano
 17833 | Volcano  | Reached skill level 16 in Fighting
 17860 | Volcano  | Reached skill level 1 in Invocations
 17862 | Volcano  | Reached skill level 2 in Invocations
 17931 | Volcano  | Reached skill level 3 in Invocations
 18078 | Volcano  | Reached skill level 4 in Invocations
 18372 | Lair:1   | Reached skill level 5 in Invocations
 18548 | Lair:2   | Noticed Fannar
 18605 | Lair:2   | Killed Fannar
 18680 | Lair:2   | Reached skill level 1 in Charms
 18680 | Lair:2   | Reached skill level 1 in Summonings
 18680 | Lair:2   | Reached skill level 1 in Necromancy
 18680 | Lair:2   | Reached skill level 1 in Translocations
 18782 | Lair:2   | Reached skill level 1 in Spellcasting
 18810 | Lair:2   | Found a frozen archway.
 18919 | IceCv    | Entered an ice cave
 19225 | IceCv    | Reached skill level 2 in Summonings
 19292 | IceCv    | Reached skill level 2 in Charms
 19292 | IceCv    | Reached skill level 2 in Necromancy
 19292 | IceCv    | Reached skill level 2 in Translocations
 19292 | IceCv    | Reached XP level 13. HP: 128/128 MP: 16/16
 19721 | IceCv    | Reached skill level 2 in Spellcasting
 19764 | IceCv    | Noticed a frost giant
 19822 | IceCv    | Killed a frost giant
 19822 | IceCv    | Reached skill level 3 in Summonings
 20371 | Lair:2   | Reached skill level 3 in Charms
 20371 | Lair:2   | Reached skill level 3 in Necromancy
 20371 | Lair:2   | Reached skill level 3 in Translocations
 21130 | Lair:2   | Found a staircase to the Shoals.
 21256 | Lair:2   | Got a transparent leather armour
 21367 | Lair:2   | Identified the +1 leather armour of Plog {MR+} (You found it on level 2 of the Lair of Beasts)
 21451 | Lair:3   | Reached skill level 3 in Spellcasting
 21817 | Lair:3   | Identified a book of Callings
 21933 | Lair:3   | Reached skill level 4 in Charms
 21933 | Lair:3   | Reached skill level 4 in Necromancy
 21954 | Lair:3   | Noticed Harold
 21970 | Lair:3   | Killed Harold
 22346 | Lair:3   | Reached skill level 4 in Summonings
 22346 | Lair:3   | Reached skill level 4 in Translocations
 22746 | Lair:4   | Found a hole to the Spider Nest.
 23350 | Lair:4   | Reached skill level 5 in Necromancy
 23382 | Lair:4   | Reached skill level 5 in Charms
 23783 | Lair:5   | Got a pair of warped gloves
 23794 | Lair:5   | Identified the +1 pair of gloves of Ciesiec {+Blink rElec Int+4} (You found it on level 5 of the Lair of Beasts)
 24624 | Orc:1    | Entered Level 1 of the Orcish Mines
 24638 | Orc:1    | Reached XP level 14. HP: 133/137 MP: 19/19
 24652 | Orc:1    | Reached skill level 4 in Spellcasting
 25011 | Orc:1    | Reached skill level 6 in Necromancy
 25320 | D:9      | Reached skill level 6 in Charms
 25386 | D:9      | Reached skill level 1 in Evocations
 25450 | Orc:1    | Reached skill level 2 in Evocations
 25577 | Orc:2    | Entered Level 2 of the Orcish Mines
 25577 | Orc:2    | Found a staircase to the Elven Halls.
 25807 | Orc:2    | Reached skill level 3 in Evocations
 25869 | Orc:2    | HP: 41/137 [two-headed ogre/giant club (22)]
 25893 | Orc:2    | HP: 19/137 [two-headed ogre/giant club (24)]
 25893 | Orc:2    | HP: 3/137 [two-headed ogre/giant club (16)]
 26279 | D:13     | Found a blossoming altar of Fedhas.
 26292 | D:13     | Reached skill level 4 in Evocations
 26806 | D:13     | Reached skill level 5 in Evocations
 27453 | D:13     | Found a gate to the Vaults.
 27552 | D:14     | Reached skill level 6 in Evocations
 27912 | D:14     | HP: 41/137 [death knight/enchanted broad axe[a boggart] (18)]
 27922 | D:14     | HP: 23/137 [???[a boggart] (20)]
 28024 | D:11     | Identified a scroll of acquirement
 28126 | Lair:6   | Entered Level 6 of the Lair of Beasts
 28696 | Lair:6   | Reached skill level 15 in Bows
 28871 | Lair:6   | HP: 40/137 [fire crab] (3)]
 29051 | Lair:6   | Found a large runed door.
 29052 | Lair:6   | Found a large runed door.
 29147 | Lair:6   | Got a coiled silver ring
 29150 | Lair:6   | Identified the ring "Nonet" {rN+ Dex+4} (You found it on level 6 of the Lair of Beasts)
 29242 | Lair:6   | Reached skill level 16 in Bows
 29374 | Lair:6   | Identified a book of the Earth
 30005 | Orc:2    | Reached XP level 15. HP: 137/144 MP: 21/21
 30016 | Orc:2    | Reached skill level 17 in Bows
 30058 | Orc:2    | Found Unis's Antique Weapon Shoppe.
 30058 | Orc:2    | Found Eczuastruiqa's Assorted Antiques.
 30059 | Orc:2    | Found Eqekyec's Jewellery Shop.
 30059 | Orc:2    | Found Pobuikiph's Jewellery Shoppe.
 30088 | Orc:1    | Found Yffaxkoci's Jewellery Boutique.
 30165 | Orc:1    | Noticed Erica
 30172 | Orc:1    | Noticed Nergalle
 30479 | Orc:2    | Reached skill level 18 in Bows
 31125 | Orc:2    | Killed Nergalle
 31158 | Orc:1    | Killed Erica
 31314 | Orc:1    | Found a roughly hewn altar of Beogh.
 31666 | Orc:2    | Bought a scroll labeled UXUPONWUEGA for 26 gold pieces
 32043 | D:14     | Identified a book of Battle
 32048 | D:14     | Learned a level 2 spell: Song of Slaying
 32051 | D:14     | Learned a level 2 spell: Shroud of Golubria
 32236 | D:14     | Reached skill level 19 in Bows
 32668 | D:15     | Entered Level 15 of the Dungeon
 32749 | D:15     | Found a staircase to the Depths.
 32749 | D:15     | Noticed a fire giant
 32766 | D:15     | Killed a fire giant
 32814 | D:15     | Reached skill level 20 in Bows
 33051 | D:15     | Reached skill level 2 in Dodging
 33304 | D:15     | Reached skill level 6 in Armour
 33391 | D:15     | Reached skill level 3 in Dodging
 33685 | D:14     | Reached XP level 16. HP: 151/151 MP: 22/22
 33863 | Shoals:1 | Entered Level 1 of the Shoals
 34085 | Shoals:1 | Reached skill level 4 in Dodging
 34144 | Shoals:1 | Noticed a titan
 34278 | Shoals:1 | Noticed Louise
 34441 | Shoals:1 | Noticed Kirke
 34471 | Shoals:1 | Killed Kirke
 34471 | Shoals:1 | Reached skill level 7 in Armour
 34674 | Shoals:1 | Killed a titan
 34674 | Shoals:1 | Reached skill level 5 in Dodging
 34902 | Shoals:2 | Reached skill level 6 in Dodging
 35135 | Shoals:2 | Reached skill level 7 in Dodging
 35433 | Shoals:2 | Found a hide-covered altar of Uskayaw.
 36158 | Shoals:1 | Killed Louise
 36158 | Shoals:1 | Reached skill level 8 in Dodging
 36163 | Shoals:1 | Got a slimy large shield
 36400 | Spider:1 | Entered Level 1 of the Spider Nest
 36514 | Lair:4   | HP: 43/151 [tarantella (6)]
 36617 | Spider:1 | Reached skill level 9 in Dodging
 37119 | Spider:1 | Reached XP level 17. HP: 86/158 MP: 23/23
 37618 | Spider:1 | Identified the cursed +0 large shield of Vaehamom {MR+ rCorr Int+2} (You took it off Louise on level 1 of the Shoals)
 37801 | Spider:2 | Reached skill level 10 in Dodging
 37903 | Spider:2 | Noticed Jorgrun
 37959 | Spider:2 | Killed Jorgrun
 38136 | Spider:2 | Got a spiked centaur barding
 38147 | Spider:2 | Identified the +5 centaur barding of Waiff {Regen+} (You acquired it on level 2 of the Spider Nest)
 38211 | Spider:2 | Noticed Roxanne
 38230 | Spider:2 | Killed Roxanne
 38254 | Spider:2 | Identified Roxanne's Almanac of the Rocks (You took it off Roxanne on level 2 of the Spider Nest)
 38433 | Spider:2 | Got a warped long sword
 38477 | Spider:1 | HP: 46/158 [poisoned by a redback]
 38482 | Spider:1 | HP: 41/158 [poisoned by a redback]
 38487 | Spider:1 | HP: 36/158 [poisoned by a redback]
 38492 | Lair:4   | HP: 35/158 [poisoned by a redback]
 38497 | Lair:4   | HP: 37/158 [poisoned by a redback]
 38502 | Lair:4   | HP: 41/158 [poisoned by a redback]
 38507 | Lair:3   | HP: 46/158 [poisoned by a redback]
 38552 | D:11     | Identified the cursed +1 long sword of the Ancient Queens {elec, rC++ Int+7 Stlth-} (You found it on level 2 of the Spider Nest)
 39121 | Shoals:3 | Reached skill level 8 in Armour
 39153 | Shoals:3 | Identified a book of Cantrips
 39306 | Shoals:3 | HP: 47/158 [poisoned by a sea snake]
 39311 | Shoals:3 | HP: 44/158 [poisoned by a sea snake]
 39316 | Shoals:3 | HP: 46/158 [poisoned by a sea snake]
 39490 | Shoals:3 | Found a deep blue altar of Sif Muna.
 39725 | Shoals:4 | Entered Level 4 of the Shoals
 39761 | Shoals:4 | Noticed Nr616's ghost (adept MiBe)
 39788 | Shoals:3 | HP: 40/158 [harpy (10)]
 39795 | Shoals:3 | HP: 31/158 [wind drake (7)]
 40073 | Shoals:4 | HP: 43/158 [Nr616's ghost (14)]
 40159 | Shoals:4 | Reached skill level 9 in Armour
 40184 | Shoals:4 | Killed Nr616's ghost
 40446 | Shoals:4 | Got a barnacled rune of Zot
 40510 | Shoals:4 | Noticed Ilsuiw
 40537 | Shoals:4 | Reached skill level 10 in Armour
 40809 | Shoals:4 | Reached skill level 6 in Invocations
 41019 | Shoals:4 | Reached XP level 18. HP: 159/166 MP: 24/24
 41196 | Shoals:4 | Killed Ilsuiw
 41196 | Shoals:4 | Reached skill level 7 in Invocations
 41446 | Shoals:4 | Reached skill level 8 in Invocations
 42025 | Spider:3 | Reached skill level 9 in Invocations
 42168 | Spider:3 | Reached skill level 10 in Invocations
 42679 | Spider:3 | Reached skill level 11 in Invocations
 42999 | Spider:3 | Reached skill level 12 in Invocations
 43290 | Spider:4 | Entered Level 4 of the Spider Nest
 43569 | Spider:4 | Reached skill level 13 in Invocations
 44055 | Spider:4 | Reached skill level 14 in Invocations
 44158 | Spider:4 | Reached XP level 19. HP: 162/172 MP: 16/29
 44316 | Spider:4 | Got a gossamer rune of Zot
 45115 | Elf:1    | Entered Level 1 of the Elven Halls
 45155 | Elf:1    | Reached skill level 15 in Invocations
 45269 | Elf:1    | Reached skill level 7 in Evocations
 45801 | Elf:1    | Reached skill level 8 in Evocations
 46369 | Elf:2    | Reached skill level 9 in Evocations
 46768 | Elf:2    | Found a runed gate.
 46808 | Elf:2    | Reached skill level 10 in Evocations
 46978 | Elf:2    | Found a runed gate.
 46978 | Elf:2    | Found a runed gate.
 47232 | Elf:2    | Reached skill level 11 in Dodging
 47571 | Elf:3    | Identified a paperback manual
 47571 | Elf:3    | Entered Level 3 of the Elven Halls
 47889 | Elf:2    | Got a warped wooden ring
 47976 | Elf:3    | Reached skill level 11 in Armour
 48016 | Elf:3    | Reached XP level 20. HP: 164/182 MP: 26/31
 48093 | Elf:3    | Identified the ring of Juxothro {rElec rF- Int+2 Dex+7} (You took it off a deep elf elementalist on level 2 of the Elven Halls)
 48094 | Elf:3    | Identified the +4 glaive of Qoalileps {pain, +Blink SInv} (You took it off a deep elf high priest on level 3 of the Elven Halls)
 48207 | Elf:3    | Got a translucent plate armour
 48208 | Elf:3    | Identified the +3 plate armour of Figgif {rN+ Dex+5} (You took it off a deep elf master archer on level 3 of the Elven Halls)
 48329 | Elf:3    | Identified a book of Minor Magic
 48670 | Elf:3    | Identified a book of Air
 48675 | Elf:3    | Learned a level 2 spell: Swiftness
 48795 | Elf:3    | Learned a level 2 spell: Blink
 48848 | Elf:3    | Identified a book of Annihilations
 48924 | Elf:3    | Identified a book of Ice
 48961 | Elf:3    | Identified the +1 scale mail of Reux {Str+2} (You found it on level 3 of the Elven Halls)
 49060 | Elf:3    | Identified Asmodeus's Handbook of Summoning
 49494 | Elf:3    | Reached skill level 17 in Fighting
 49983 | Vaults:1 | Entered Level 1 of the Vaults
 50245 | Vaults:1 | Reached skill level 12 in Dodging
 50563 | Vaults:1 | Found Rusone's Antique Armour Shoppe.
 50882 | Vaults:1 | Reached skill level 12 in Armour
 51160 | Vaults:1 | Paralysed by an ogre mage for 2 turns
 51419 | Vaults:1 | Reached XP level 21. HP: 163/193 MP: 29/32
 51564 | Vaults:1 | Found Reaveckenk's Antique Armour Boutique.
 52129 | Vaults:2 | Noticed Xtahua
 52144 | Vaults:2 | Killed Xtahua
 52191 | Vaults:2 | Reached skill level 18 in Fighting
 52192 | Vaults:2 | Found a staircase to the Crypt.
 52966 | Vaults:3 | Noticed Mennas
 53111 | Vaults:3 | Killed Mennas
 53111 | Vaults:3 | Reached skill level 13 in Dodging
 53318 | Vaults:3 | Found a magical portal.
 53338 | WizLab   | Entered Doroklohe's Tomb
 53395 | WizLab   | Got a warped plate armour
 53719 | WizLab   | Reached skill level 13 in Armour
 53771 | Vaults:3 | Identified the +1 plate armour "Demuthry" {-Cast rElec Regen+} (You found it in a wizard's laboratory)
 53941 | Vaults:3 | Identified a Fen Folio
 54036 | Vaults:3 | Found Pashrusu's Antique Armour Shop.
 54137 | Vaults:3 | Learned a level 2 spell: Corpse Rot
 54697 | Vaults:3 | Reached XP level 22. HP: 77/204 MP: 10/33
 54794 | Vaults:3 | Identified the +1 scale mail of Lidog {rPois rC+ SInv} (You found it on level 3 of the Vaults)
 55709 | Vaults:4 | Reached skill level 19 in Fighting
 56365 | Vaults:4 | Noticed Jory
 56387 | Vaults:4 | Killed Jory
 57464 | D:11     | Found the +2 ratskin cloak {+Rats rPois rN+ Str-1 Int-1 Dex+1}
 57480 | D:11     | Identified the +6 mace "Grim" {crush, *Noise rPois rF+ Str+2} (You took it off a wight on level 11 of the Dungeon)
 57529 | D:12     | Killed Azrael
 57622 | Depths:1 | Entered Level 1 of the Depths
 57702 | Depths:1 | Reached skill level 14 in Dodging
 57923 | Depths:1 | Got a translucent granite ring
 57999 | Depths:1 | Identified a Grand Grimoire
 58049 | Depths:1 | Found a gateway to Hell.
 58161 | Depths:1 | Reached skill level 14 in Armour
 58181 | Depths:1 | Found a one-way gate to the infinite horrors of the Abyss.
 58209 | Depths:1 | Identified a book of Misfortune
 58337 | Depths:1 | Found the +27 Lear's hauberk
 58463 | Depths:1 | Paralysed by a lich for 6 turns
 58534 | Depths:1 | Identified the ring "Lukliulo" {rCorr rC+ MR- Str+2} (You took it off a spriggan air mage on level 1 of the Depths)
 59138 | Depths:1 | Reached XP level 23. HP: 215/215 MP: 34/34
 59271 | Depths:1 | Reached skill level 20 in Fighting
 59482 | Depths:2 | Noticed Asterion
 59490 | Depths:2 | Killed Asterion
 59813 | Depths:2 | Reached skill level 1 in Air Magic
 59846 | Depths:2 | Reached skill level 2 in Air Magic
 59862 | Depths:2 | Reached skill level 5 in Translocations
 60035 | Depths:2 | Found Ywka Oto's Antique Armour Shoppe.
 60040 | Depths:2 | Reached skill level 3 in Air Magic
 60486 | Depths:2 | Reached skill level 4 in Air Magic
 60879 | Depths:3 | Reached skill level 6 in Translocations
 60928 | Depths:3 | Found a one-way gate leading to the halls of Pandemonium.
 61334 | Depths:3 | Identified a book of Spatial Translocations
 61341 | Depths:3 | Learned a level 4 spell: Passage of Golubria
 61356 | Depths:3 | Identified the Handbook of Excruciating Snow
 61375 | Depths:3 | Reached skill level 15 in Dodging
 61567 | Depths:3 | Got a crude ivory amulet
 61568 | Depths:3 | Identified the amulet "Waiffesh" {Faith rPois} (You found it on level 3 of the Depths)
 61981 | Depths:3 | Reached skill level 15 in Armour
 62485 | Depths:4 | Found Rirghilus's Distillery.
 62552 | Depths:4 | Identified a book of Maledictions
 62588 | Depths:4 | Noticed a caustic shrike
 62593 | Depths:4 | Killed a caustic shrike
 62820 | Depths:4 | Reached XP level 24. HP: 125/224 MP: 34/34
 62878 | Depths:4 | Got a glittering jade ring
 62879 | Depths:4 | Identified the ring of Havefic {Ice rN+++ MR+ Str+2 Dex-3} (You took it off a fire giant on level 4 of the Depths)
 62906 | Depths:4 | Noticed Sojobo
 62990 | Depths:4 | HP: 62/224 [Sojobo/the air (24)]
 62998 | Depths:4 | HP: 57/224 [air elemental/tornado[Sojobo] (4)]
 63003 | Depths:4 | HP: 40/224 [air elemental/tornado[Sojobo] (4)]
 63012 | Depths:3 | HP: 24/224 [Sojobo/bolt of lightning (38)]
 63213 | Depths:4 | Noticed a juggernaut
 63225 | Depths:4 | Killed a juggernaut
 63382 | Depths:4 | Got a smelly plate armour
 63421 | Depths:4 | Noticed Saint Roka
 63461 | Depths:4 | Killed Saint Roka
 63461 | Depths:4 | Reached skill level 16 in Dodging
 63477 | Depths:3 | Killed Sojobo
 63503 | Depths:3 | Identified the cursed +1 plate armour of Truth {Dex+2} (You found it on level 4 of the Depths)
 63712 | Depths:4 | Noticed a juggernaut
 63722 | Depths:4 | Killed a juggernaut
 63722 | Depths:4 | Reached skill level 16 in Armour
 63739 | Depths:4 | Identified a book of Conjurations
 63853 | Depths:4 | Got a coiled marble ring
 63934 | Depths:4 | Identified the ring of Peixaske {rC+ Int+4 Dex+4} (You took it off a yaktaur captain on level 4 of the Depths)
 64103 | Depths:4 | Found Jebogoe's Food Shop.
 64134 | Depths:4 | Noticed a juggernaut
 64141 | Depths:4 | Killed a juggernaut
 64255 | Depths:4 | Got an ancient glass ring
 64506 | D:11     | Identified the ring "Uqasaina" {+Inv MR+} (You found it on level 4 of the Depths)
 64718 | Depths:5 | Entered Level 5 of the Depths
 64718 | Depths:5 | Found a gateway to a ziggurat.
 65137 | Depths:5 | Reached skill level 17 in Armour
 65288 | Depths:5 | Found a gate to the Realm of Zot.
 66338 | Vaults:1 | Bought a pair of glowing gloves for 292 gold pieces
 66546 | Depths:2 | Bought a pair of embroidered gloves for 315 gold pieces
 66839 | Lair:5   | Found a staircase to the Slime Pits.
 66863 | Slime:1  | Entered Level 1 of the Pits of Slime
 66863 | Slime:1  | Found a viscous altar of Jiyva.
 66934 | Slime:1  | Gained mutation: You are weak. (Str -2) [a shining eye]
 66941 | Slime:1  | Reached XP level 25. HP: 231/231 MP: 34/34
 67501 | Slime:4  | Reached skill level 18 in Armour
 67503 | Slime:4  | Gained mutation: Scrolls take you a little longer to read. [a shining eye]
 67552 | Slime:5  | Entered Level 5 of the Pits of Slime
 67795 | Slime:5  | Noticed the Royal Jelly
 67915 | Slime:5  | Found a viscous altar of Jiyva.
 67944 | Slime:5  | Found the +7 longbow "Piercer" {penet, EV-2}
 68015 | Slime:5  | Killed the Royal Jelly
 68140 | Slime:5  | Got crude fire dragon scales
 68152 | Slime:5  | Got a slimy jade ring
 68185 | Slime:5  | Got a slimy rune of Zot
 68188 | Slime:5  | Identified the +8 fire dragon scales of Activism {rF++ rC- MR+ Int+3 Dex-5} (You found it on level 5 of the Pits of Slime)
 68202 | Slime:5  | Identified the Handbook of Igneous Confrontation
 68207 | Slime:5  | Got a crude golden ring
 68222 | Slime:5  | Identified the ring of Ysoydouw {rPois rN+ MR+ Int+3 Dex-5} (You found it on level 5 of the Pits of Slime)
 68260 | Slime:5  | Identified the Incunabulum of Assistive Black Arts
 68627 | D:11     | Identified the ring "Wejegumn" {rC+ Str+2 Int-2 Dex+3 Stlth+} (You found it on level 5 of the Pits of Slime)
 68689 | D:11     | Lost mutation: You are weak. (Str -2) [potion of mutation]
 68689 | D:11     | Gained mutation: You are weak. (Str -2) [potion of mutation]
 68689 | D:11     | Gained mutation: Your mind is acute. (Int +2) [potion of mutation]
 68689 | D:11     | Lost mutation: You are weak. (Str -2) [potion of mutation]
 68690 | D:11     | Lost mutation: Scrolls take you a little longer to read. [potion of mutation]
 68690 | D:11     | Lost mutation: Your mind is acute. (Int +2) [potion of mutation]
 68690 | D:11     | Gained mutation: You are dopey. (Int -2) [potion of mutation]
 68690 | D:11     | Gained mutation: Your system is resistant to poisons. (rPois) [potion of mutation]
 68690 | D:11     | Gained mutation: You have supernaturally acute eyesight. (SInv) [potion of mutation]
 68825 | Orc:2    | Bought the amulet "Rucwul" {Faith rF+ Int+4} for 873 gold pieces
 68827 | Orc:2    | Bought the ring of Odask {+Inv rElec MR+ Int+2} for 702 gold pieces
 68831 | Orc:2    | Bought 2 potions of curing for 156 gold pieces
 68831 | Orc:2    | Bought a potion of curing for 78 gold pieces
 68831 | Orc:2    | Bought a potion of haste for 260 gold pieces
 68831 | Orc:2    | Bought a scroll of identify for 52 gold pieces
 69104 | Depths:4 | Bought a potion of heal wounds for 120 gold pieces
 69104 | Depths:4 | Bought a potion of mutation for 192 gold pieces
 69104 | Depths:4 | Bought 2 potions of heal wounds for 240 gold pieces
 69104 | Depths:4 | Bought a potion of haste for 240 gold pieces
 69104 | Depths:4 | Bought a potion of haste for 240 gold pieces
 69104 | Depths:4 | Bought a potion of heal wounds for 120 gold pieces
 69104 | Depths:4 | Bought a potion of curing for 72 gold pieces
 69104 | Depths:4 | Bought a potion of curing for 72 gold pieces
 69104 | Depths:4 | Bought a potion of ambrosia for 192 gold pieces
 69182 | Zot:1    | Entered Level 1 of the Realm of Zot
 69478 | Zot:2    | Reached skill level 19 in Armour
 70684 | Zot:1    | You fall through a shaft!
 70873 | Zot:2    | Reached skill level 17 in Dodging
 70904 | Zot:2    | Reached XP level 26. HP: 218/239 MP: 34/34
 71527 | Zot:5    | Entered Level 5 of the Realm of Zot
 71666 | Zot:5    | Reached skill level 18 in Dodging
 71845 | Zot:5    | Noticed an ancient lich
 71851 | Zot:5    | Killed an ancient lich
 71917 | Zot:5    | Noticed an orb of fire
 71925 | Zot:5    | Killed an orb of fire
 72007 | Zot:5    | Noticed an orb of fire
 72010 | Zot:5    | Lost mutation: You have supernaturally acute eyesight. (SInv) [an orb of fire]
 72011 | Zot:5    | Reached skill level 19 in Dodging
 72024 | Zot:5    | Noticed an orb of fire
 72024 | Zot:5    | Gained mutation: You are clumsy. (Dex -2) [an orb of fire]
 72035 | Zot:5    | Killed an orb of fire
 72037 | Zot:5    | Killed an orb of fire
 72365 | Zot:5    | Got the Orb of Zot
 72518 | Depths:5 | Reached XP level 27. HP: 246/246 MP: 34/34
 72879 | D:3      | Noticed Xouviney the pandemonium lord
 72951 | D:$      | Escaped with the Orb!

Skill      XL: |  1  2  3  4  5  6  7  8  9 10 11 12 13 14 15 16 17 18 19 20 21 22 23 24 25 26 |
---------------+-------------------------------------------------------------------------------+-----
Bows           | 6 7 8 9 11 14 16 20 | 20.5
Fighting       | 4 5 8 11 14 16 17 18 19 20 | 20.0
Armour         | 4 5 6 7 10 11 12 13 14 15 17 19 | 19.4
Invocations    | 5 6 14 15 | 15.0
Charms         | 2 5 6 |  6.0
Summonings     | 2 4 |  4.0
Necromancy     | 2 5 6 |  6.0
Translocations | 2 4 6 |  6.0
Spellcasting   | 1 3 4 |  4.0
Evocations     | 6 10 | 10.0
Dodging        | 3 9 10 11 12 13 14 15 16 17 19 | 19.9
Air Magic      | 4 |  4.0
Stealth        | |  0.4

Action                   |  1- 3 |  4- 6 |  7- 9 | 10-12 | 13-15 | 16-18 | 19-21 | 22-24 | 25-27 || total
-------------------------+-------+-------+-------+-------+-------+-------+-------+-------+-------++-------
Melee: Short sword       |    40 |    71 |    50 |   367 |   816 |       |       |       |       ||  1344
       Kick              |     9 |    18 |    21 |   148 |   430 |    32 |       |       |     1 ||   659
       Dire flail        |       |       |       |       |    60 |       |       |       |       ||    60
       Great sword       |       |       |       |       |       |    25 |       |       |       ||    25
       Trident           |       |       |       |       |       |    38 |       |     1 |       ||    39
       Longbow           |       |       |       |       |       |     2 |       |       |     1 ||     3
 Fire: Shortbow          |    65 |   112 |   381 |   876 |   467 |       |       |       |       ||  1901
       Blowgun           |       |       |       |    55 |       |       |       |       |       ||    55
       Longbow           |       |       |       |       |   511 |  1660 |  1712 |  1830 |   891 ||  6604
Throw: Stone             |       |     4 |       |     1 |    39 |       |       |       |       ||    44
       Javelin           |       |       |       |     7 |       |       |       |       |       ||     7
 Cast: Animate Skeleton  |       |       |       |     8 |    47 |    17 |       |       |       ||    72
       Regeneration      |       |       |       |       |   148 |   113 |    35 |    57 |    40 ||   393
       Shroud of Golubri |       |       |       |       |       |     1 |       |     1 |       ||     2
       Song of Slaying   |       |       |       |       |       |       |     3 |     8 |       ||    11
       Apportation       |       |       |       |       |       |       |     1 |     5 |   102 ||   108
       Blink             |       |       |       |       |       |       |       |     5 |     6 ||    11
Invok: Line Pass         |       |       |       |     1 |     2 |     1 |     2 |       |       ||     6
       Stomp             |       |       |       |       |       |     2 |       |       |       ||     2
       Grand Finale      |       |       |       |       |       |     3 |     3 |     2 |     3 ||    11
 Abil: Evoke Blink       |       |       |       |       |     3 |    10 |     5 |       |       ||    18
Evoke: Wand              |       |       |       |     9 |     1 |       |    10 |       |     4 ||    24
       Staff of energy   |       |       |       |       |       |    41 |    38 |    13 |       ||    92
       Sack of spiders   |       |       |       |       |       |       |       |       |     4 ||     4
  Use: Scroll            |     2 |     2 |     5 |     7 |    10 |    13 |    14 |    19 |     9 ||    81
       Potion            |       |       |       |     6 |     1 |     2 |       |     2 |     7 ||    18
 Stab: Paralysed         |       |       |     2 |    17 |    16 |     5 |       |       |       ||    40
       Distracted        |       |       |       |     2 |     3 |       |       |       |       ||     5
  Eat: Chunk             |     1 |     5 |     9 |    24 |    60 |    43 |    35 |    35 |    14 ||   226
       Ration            |       |       |       |     2 |     1 |     1 |       |     2 |     3 ||     9
Armor: Ring mail         |     5 |       |    21 |   297 |       |       |       |    68 |       ||   391
       Leather armour    |     1 |       |       |       |    57 |     5 |       |       |       ||    63
       Scale mail        |    11 |       |       |    45 |   500 |   425 |   202 |    86 |       ||  1269
       Robe              |     2 |    57 |    31 |     8 |       |    42 |       |       |       ||   140
       Troll leather arm |       |       |       |    56 |   184 |       |       |       |       ||   240
       Plate armour      |       |       |       |       |       |       |       |    39 |    27 ||    66
       Fire dragon scale |       |       |       |       |       |       |       |       |   215 ||   215
Dodge: Dodged            |    26 |    32 |    24 |   210 |   346 |   435 |   218 |   381 |   271 ||  1943
Block: Other             |     1 |     7 |     7 |    99 |   205 |   137 |    37 |    85 |     7 ||   585
       Reflection        |       |       |       |     9 |     8 |    13 |     9 |     7 |       ||    46
       Rpst.: Great sword |       |       |       |       |       |     3 |       |       |       ||     3
